SA
PUT-IN-BAY BC @ MT. VERNON BULLS
08/28/2026
 
TOP OF THE 1ST
Put-In-Bay BC batting - Pitching for Mt. Vernon Bulls : RHP Pete Venegas
Pitching: RHP Pete Venegas
Batting: LHB Tural Bishara 0-0: Ball
1-0: Foul Ball, location: 2F
1-1: Called Strike
1-2: Hit by Pitch
Batting: LHB Francisco Alfaro 0-0: Ball
Tural Bishara steals 2nd base
1-0: Ball
2-0: Swinging Strike
2-1: Ground out 4-3 (Groundball, 4D)
Tural Bishara to third
Batting: RHB Steve Koch 0-0: Called Strike
0-1: Ball
1-1: Swinging Strike
1-2: Ball
2-2: Ball
3-2: SINGLE (Line Drive, 89M)
Tural Bishara scores
Batting: RHB Peter Heard 0-0: Ball
1-0: Ball
Steve Koch steals 2nd base
2-0: Ball
3-0: Called Strike
3-1: Ground out 5-3 (Groundball, 5)
Batting: SHB Norm Singletary 0-0: Called Strike
0-1: Ball
1-1: Ball
2-1: Ground out U3 (Groundball, 34)
Top of the 1st over - 1 run(s), 1 hit(s), 0 error(s), 1 left on base; Put-In-Bay 1 - Mt. Vernon 0
BOTTOM OF THE 1ST
Mt. Vernon Bulls batting - Pitching for Put-In-Bay BC : RHP James Neutron
Pitching: RHP James Neutron
Batting: RHB Noël Sassetti 0-0: Ball
1-0: Ground out 6-3 (Groundball, 6)
Batting: RHB Rodrigo Chávez 0-0: SINGLE (Flyball, 8LS)
Batting: RHB Abraham Phelps 0-0: Swinging Strike
0-1: Ball
1-1: Ball
2-1: Called Strike
2-2: Ball
3-2: Strikes out looking
Rodrigo Chávez steals 2nd base
Batter strikes out.
Batting: LHB Lee Hart 0-0: Called Strike
0-1: Called Strike
0-2: Foul Ball, location: 2F
0-2: Fly out, F8 (Flyball, 8LS)
Bottom of the 1st over - 0 run(s), 1 hit(s), 0 error(s), 1 left on base; Put-In-Bay 1 - Mt. Vernon 0
TOP OF THE 2ND
Put-In-Bay BC batting - Pitching for Mt. Vernon Bulls : RHP Pete Venegas
Batting: RHB Lou Lumsden 0-0: Ball
1-0: Foul Ball, location: 2F
1-1: Fly out, F4 (Line Drive, 4)
Batting: RHB Manuel Rosales 0-0: Swinging Strike
0-1: Called Strike
0-2: Fly out, F2 (Popup, 3S)
Batting: RHB Angus Watts 0-0: Ground out 6-3 (Groundball, 6M)
Top of the 2nd over - 0 run(s), 0 hit(s), 0 error(s), 0 left on base; Put-In-Bay 1 - Mt. Vernon 0
BOTTOM OF THE 2ND
Mt. Vernon Bulls batting - Pitching for Put-In-Bay BC : RHP James Neutron
Batting: RHB António López 0-0: Called Strike
0-1: Ground out 4-3 (Groundball, 4)
Batting: RHB Ken Gardner 0-0: Ball
1-0: Ball
2-0: Foul Ball, location: 2F
2-1: Ball
3-1: Base on Balls
Batting: RHB Ryan Robbins 0-0: Foul Ball, location: 2F
0-1: Ball
Ken Gardner steals 2nd base
1-1: Ground out 5-3 (Groundball, 5S)
Ken Gardner to third
Batting: LHB Pablo Morales 0-0: Ball
1-0: Called Strike
1-1: DOUBLE (Line Drive, 89M)
Ken Gardner scores
Batting: RHB Dixon Snyder 0-0: Ball
1-0: Called Strike
1-1: Fly out, F9 (Flyball, 9S)
Bottom of the 2nd over - 1 run(s), 1 hit(s), 0 error(s), 1 left on base; Put-In-Bay 1 - Mt. Vernon 1
TOP OF THE 3RD
Put-In-Bay BC batting - Pitching for Mt. Vernon Bulls : RHP Pete Venegas
Batting: RHB Ryan French 0-0: Ground out 5-3 (Groundball, 5)
Batting: LHB Tural Bishara 0-0: Called Strike
0-1: Ball
1-1: DOUBLE (Line Drive, 89XD)
Batting: LHB Francisco Alfaro 0-0: Ball
1-0: Ball
2-0: Ball
3-0: Called Strike
3-1: Fly out, F8 (Flyball, 8LM)
Batting: RHB Steve Koch 0-0: Foul Ball, location: 2F
0-1: Ball
1-1: Foul Ball, location: 2F
1-2: Strikes out swinging
Top of the 3rd over - 0 run(s), 1 hit(s), 0 error(s), 1 left on base; Put-In-Bay 1 - Mt. Vernon 1
BOTTOM OF THE 3RD
Mt. Vernon Bulls batting - Pitching for Put-In-Bay BC : RHP James Neutron
Batting: RHB Noël Sassetti 0-0: Ball
1-0: Ball
2-0: Called Strike
2-1: Foul Ball, location: 2F
2-2: DOUBLE (Groundball, 5L)
Batting: RHB Rodrigo Chávez 0-0: Ball
1-0: Ball
2-0: Called Strike
2-1: Ball
3-1: SINGLE (Groundball, 6MD)
Noël Sassetti to third
Runner from 3rd tries for Home, throw and OUT!
Batting: RHB Abraham Phelps 0-0: Hit by Pitch
Rodrigo Chávez to second
Batting: LHB Lee Hart 0-0: Foul Ball, location: 2F
0-1: SINGLE (Line Drive, 9S)
Rodrigo Chávez to third
Abraham Phelps to second
Batting: RHB António López 0-0: Ball
1-0: Ball
2-0: Foul Ball, location: 2F
2-1: Foul Ball, location: 2F
2-2: Ball
3-2: Strikes out looking
Batting: RHB Ken Gardner 0-0: Called Strike
0-1: Foul Ball, location: 2F
0-2: Strikes out looking
Bottom of the 3rd over - 0 run(s), 3 hit(s), 0 error(s), 3 left on base; Put-In-Bay 1 - Mt. Vernon 1
TOP OF THE 4TH
Put-In-Bay BC batting - Pitching for Mt. Vernon Bulls : RHP Pete Venegas
Batting: RHB Peter Heard 0-0: Called Strike
0-1: Ball
1-1: Called Strike
1-2: Fly out, F7 (Flyball, 7)
Batting: SHB Norm Singletary 0-0: Fly out, F8 (Line Drive, 8RM)
Batting: RHB Lou Lumsden 0-0: Ball
1-0: Ball
2-0: Ball
3-0: Called Strike
3-1: Base on Balls
Batting: RHB Manuel Rosales 0-0: Ball
1-0: Called Strike
1-1: Ball
2-1: Foul Ball, location: 2F
2-2: Ball
3-2: Fly out, F8 (Flyball, 8LD)
Top of the 4th over - 0 run(s), 0 hit(s), 0 error(s), 1 left on base; Put-In-Bay 1 - Mt. Vernon 1
BOTTOM OF THE 4TH
Mt. Vernon Bulls batting - Pitching for Put-In-Bay BC : RHP James Neutron
Batting: RHB Ryan Robbins 0-0: Foul Ball, location: 2F
0-1: Called Strike
0-2: Ball
1-2: Ball
2-2: Foul Ball, location: 2F
2-2: Foul Ball, location: 2F
2-2: Foul Ball, location: 2F
2-2: Foul Ball, location: 2F
2-2: Strikes out looking
Batting: LHB Pablo Morales 0-0: Ball
1-0: Foul Ball, location: 2F
1-1: Fly out, F6 (Popup, 6D)
Batting: RHB Dixon Snyder 0-0: Called Strike
0-1: Swinging Strike
0-2: Foul Ball, location: 2F
0-2: Ball
1-2: Strikes out swinging
Bottom of the 4th over - 0 run(s), 0 hit(s), 0 error(s), 0 left on base; Put-In-Bay 1 - Mt. Vernon 1
TOP OF THE 5TH
Put-In-Bay BC batting - Pitching for Mt. Vernon Bulls : RHP Pete Venegas
Batting: RHB Angus Watts 0-0: Swinging Strike
0-1: Swinging Strike
0-2: Ball
1-2: Ball
2-2: Strikes out swinging
Batting: RHB Ryan French 0-0: Swinging Strike
0-1: Ball
1-1: Called Strike
1-2: Ball
2-2: Foul Ball, location: 2F
2-2: Strikes out swinging
Batting: LHB Tural Bishara 0-0: Called Strike
0-1: Ball
1-1: Foul Ball, location: 2F
1-2: Ball
2-2: Ball
3-2: Foul Ball, location: 2F
3-2: Foul Ball, location: 2F
3-2: Base on Balls
Batting: LHB Francisco Alfaro 0-0: Ball
1-0: Foul Ball, location: 2F
1-1: Fly out, F6 (Popup, 56D)
Top of the 5th over - 0 run(s), 0 hit(s), 0 error(s), 1 left on base; Put-In-Bay 1 - Mt. Vernon 1
BOTTOM OF THE 5TH
Mt. Vernon Bulls batting - Pitching for Put-In-Bay BC : RHP James Neutron
Batting: RHB Noël Sassetti 0-0: Called Strike
0-1: Called Strike
0-2: Strikes out swinging
Batting: RHB Rodrigo Chávez 0-0: Ball
1-0: Ball
2-0: Fly out, F4 (Popup, 4M)
Batting: RHB Abraham Phelps 0-0: Called Strike
0-1: Ball
1-1: Ball
2-1: Ball
3-1: Foul Ball, location: 2F
3-2: Strikes out swinging
Bottom of the 5th over - 0 run(s), 0 hit(s), 0 error(s), 0 left on base; Put-In-Bay 1 - Mt. Vernon 1
TOP OF THE 6TH
Put-In-Bay BC batting - Pitching for Mt. Vernon Bulls : RHP Pete Venegas
Batting: RHB Steve Koch 0-0: Called Strike
0-1: Ball
1-1: Swinging Strike
1-2: Strikes out swinging
Batting: RHB Peter Heard 0-0: Ball
1-0: Fly out, F8 (Flyball, 8LM)
Batting: SHB Norm Singletary 0-0: Hit by Pitch
Batting: RHB Lou Lumsden 0-0: Ball
1-0: Ball
Norm Singletary steals 2nd base
2-0: Intentional Walk
Batting: RHB Manuel Rosales 0-0: Ball
1-0: Ball
2-0: Ball
3-0: Base on Balls
Norm Singletary to third
Lou Lumsden to second
Batting: RHB Angus Watts 0-0: Called Strike
0-1: Called Strike
0-2: Foul Ball, location: 2F
0-2: Ball
1-2: Hit by Pitch
Norm Singletary scores
Lou Lumsden to third
Manuel Rosales to second
Batting: RHB Ryan French 0-0: Ball
1-0: SINGLE (Groundball, 4MS) (infield hit)
Lou Lumsden scores
Manuel Rosales to third
Angus Watts to second
Batting: LHB Tural Bishara 0-0: Called Strike
0-1: Ball
1-1: SINGLE (Groundball, 4M) (infield hit)
Manuel Rosales scores
Angus Watts to third
Ryan French to second
Batting: LHB Francisco Alfaro 0-0: Foul Ball, location: 2F
0-1: Foul Ball, location: 2F
0-2: Foul Ball, location: 2F
0-2: Fly out, F7 (Flyball, 7S)
Top of the 6th over - 3 run(s), 2 hit(s), 0 error(s), 3 left on base; Put-In-Bay 4 - Mt. Vernon 1
BOTTOM OF THE 6TH
Mt. Vernon Bulls batting - Pitching for Put-In-Bay BC : RHP James Neutron
Batting: LHB Lee Hart 0-0: Ball
1-0: Ball
2-0: Called Strike
2-1: Fly out, F6 (Flyball, 6D)
Batting: RHB António López 0-0: Ball
1-0: Fly out, F8 (Flyball, 8LS)
Batting: RHB Ken Gardner 0-0: Foul Ball, location: 2F
0-1: Ball
1-1: Ball
2-1: Ball
3-1: Base on Balls
Batting: RHB Ryan Robbins 0-0: Ball
1-0: Ball
2-0: Called Strike
2-1: Foul Ball, location: 2F
2-2: Ground out 5-3 (Groundball, 56S)
Bottom of the 6th over - 0 run(s), 0 hit(s), 0 error(s), 1 left on base; Put-In-Bay 4 - Mt. Vernon 1
TOP OF THE 7TH
Put-In-Bay BC batting - Pitching for Mt. Vernon Bulls : RHP Pete Venegas
Batting: RHB Steve Koch 0-0: Ball
1-0: Swinging Strike
1-1: Foul Ball, location: 2F
1-2: Ball
2-2: Ball
3-2: Foul Ball, location: 2F
3-2: Foul Ball, location: 2F
3-2: Ground out 6-3 (Groundball, 56)
Batting: RHB Peter Heard 0-0: Foul Ball, location: 2F
0-1: Called Strike
0-2: Ball
1-2: Foul Ball, location: 2F
1-2: SINGLE (Groundball, 6D)
Pitching: RHP Pepe Delgado
Batting: SHB Norm Singletary 0-0: Ball
Peter Heard is caught stealing 2nd base
1-0: Ball
2-0: Ball
3-0: Called Strike
3-1: Base on Balls
Batting: RHB Lou Lumsden 0-0: Foul Ball, location: 2F
0-1: Foul Ball, location: 2F
0-2: Ground out U3 (Groundball, 2R)
Top of the 7th over - 0 run(s), 1 hit(s), 0 error(s), 1 left on base; Put-In-Bay 4 - Mt. Vernon 1
BOTTOM OF THE 7TH
Mt. Vernon Bulls batting - Pitching for Put-In-Bay BC : RHP James Neutron
Batting: LHB Pablo Morales 0-0: Swinging Strike
0-1: Foul Ball, location: 2F
0-2: Ball
1-2: Strikes out swinging
Batting: RHB Dixon Snyder 0-0: Fly out, F9 (Flyball, 9LS)
Batting: RHB Noël Sassetti 0-0: Called Strike
0-1: Ball
1-1: Foul Ball, location: 2F
1-2: Ball
2-2: Strikes out looking
Bottom of the 7th over - 0 run(s), 0 hit(s), 0 error(s), 0 left on base; Put-In-Bay 4 - Mt. Vernon 1
TOP OF THE 8TH
Put-In-Bay BC batting - Pitching for Mt. Vernon Bulls : RHP Pepe Delgado
Batting: RHB Manuel Rosales 0-0: Foul Ball, location: 2F
0-1: Ball
1-1: Ball
2-1: Swinging Strike
2-2: Strikes out looking
Batting: RHB Angus Watts 0-0: Ball
1-0: Ball
2-0: Swinging Strike
2-1: Called Strike
2-2: Ball
3-2: Base on Balls
Batting: RHB Ryan French 0-0: Ball
1-0: Called Strike
1-1: Ball
2-1: Fly out, F9 (Flyball, 9)
Batting: LHB Tural Bishara 0-0: Ball
1-0: Ball
2-0: Foul Ball, location: 2F
2-1: Ball
3-1: Swinging Strike
3-2: SINGLE (Groundball, 34) (infield hit)
Angus Watts to second
Batting: LHB Francisco Alfaro 0-0: Ground out 6-3 (Groundball, 6MS)
Top of the 8th over - 0 run(s), 1 hit(s), 0 error(s), 2 left on base; Put-In-Bay 4 - Mt. Vernon 1
BOTTOM OF THE 8TH
Mt. Vernon Bulls batting - Pitching for Put-In-Bay BC : RHP James Neutron
Now in CF: Júlio Pérez
Batting: RHB Rodrigo Chávez 0-0: Called Strike
0-1: Ball
1-1: Ground out 4-3 (Groundball, 4)
Batting: RHB Abraham Phelps 0-0: Ball
1-0: Foul Ball, location: 2F
1-1: Swinging Strike
1-2: Ball
2-2: Foul Ball, location: 2F
2-2: Strikes out swinging
Batting: LHB Lee Hart 0-0: Ball
1-0: Ball
2-0: Fly out, F8 (Flyball, 8RM)
Bottom of the 8th over - 0 run(s), 0 hit(s), 0 error(s), 0 left on base; Put-In-Bay 4 - Mt. Vernon 1
TOP OF THE 9TH
Put-In-Bay BC batting - Pitching for Mt. Vernon Bulls : RHP Pepe Delgado
Pitching: LHP Carlos Núńez
Batting: RHB Steve Koch 0-0: Called Strike
0-1: Foul Ball, location: 2F
0-2: Ball
1-2: Strikes out swinging
Batting: RHB Peter Heard 0-0: Ball
1-0: Foul Ball, location: 2F
1-1: SINGLE (Line Drive, 8LS)
Batting: SHB Norm Singletary 0-0: Ball
1-0: Foul Ball, location: 2F
1-1: SINGLE (Flyball, 89S)
Peter Heard to second
Runner from 2nd tries for 3rd, SAFE, no throw
Batting: RHB Lou Lumsden 0-0: Ball
1-0: Swinging Strike
1-1: Ball
2-1: Ball
Pickoff Throw by Catcher to First - Out!
3-1: Intentional Walk
Batting: RHB Manuel Rosales Pickoff Throw to First - Out!
Top of the 9th over - 0 run(s), 2 hit(s), 0 error(s), 0 left on base; Put-In-Bay 4 - Mt. Vernon 1
BOTTOM OF THE 9TH
Mt. Vernon Bulls batting - Pitching for Put-In-Bay BC : RHP James Neutron
Pitching: RHP Garrett Harrington
Batting: RHB António López 0-0: Ball
1-0: Ball
2-0: Ball
3-0: Base on Balls
Batting: RHB Ken Gardner 0-0: Called Strike
0-1: Ball
1-1: Ball
2-1: Fly out, F7 (Flyball, 7)
Batting: RHB Ryan Robbins 0-0: Ball
Passed Ball!
António López to second
1-0: Fly out, F7 (Flyball, 7LM)
Batting: LHB Pablo Morales 0-0: Swinging Strike
0-1: Called Strike
0-2: Ball
1-2: Foul Ball, location: 2F
1-2: Strikes out swinging
Bottom of the 9th over - 0 run(s), 0 hit(s), 0 error(s), 1 left on base; Put-In-Bay 4 - Mt. Vernon 1
Monday, March 20th, 2017 - OOTP Baseball 17.12 Build 75